 Dungeon Crawl Stone Soup version 0.27-a0-223-ge082b6e869 (webtiles) character file.

Game seed: 6482841139735028142

163 gruber the Chiller (level 5, -7/37 HPs)
             Began as a Gnoll Ice Elementalist on Feb 1, 2021.
             Mangled by a nameless horror (12 damage)
             ... created by miscasting Summon Ice Beast
             ... in an ossuary.
             The game lasted 00:03:10 (2869 turns).

gruber the Chiller (Gnoll Ice Elementalist)         Turns: 2869, Time: 00:03:11

Health: -7/37      AC:  2    Str:  8    XL:     5   Next: 44%
Magic:  0/12       EV: 14    Int: 15    God:
Gold:   196        SH:  0    Dex: 12    Spells: 6/14 levels left

rFire    . . .     SeeInvis +   i - +0 short sword
rCold    . . .     Faith    .   (no shield)
rNeg     . . .     Spirit   .   a - +0 robe
rPois    .         Reflect  .   (no helmet)
rElec    .         Harm     .   (no cloak)
rCorr    .         Rampage  .   (no gloves)
Will     .....                  (no boots)
Stlth    +++.......             (no amulet)
HPRegen  0.12/turn              j - ring of see invisible
MPRegen  0.13/turn              (no ring)

@: very slightly contaminated
A: distributed training, fangs 1, strong nose
a: no special abilities


You were in an ossuary.
You visited 1 branch of the dungeon, and saw 4 of its levels.
You also visited: Ossuary.

You collected 196 gold pieces.

Inventory:

Hand Weapons
 i - a +0 short sword (weapon)
Missiles
 o - 15 poisoned darts
Armour
 a - a +0 robe (worn)
Jewellery
 j - a ring of see invisible (left hand)
Wands
 r - a wand of iceblast (9)
Scrolls
 b - a scroll of teleportation {unknown}
 c - 2 scrolls of noise {unknown}
 d - 5 scrolls of remove curse {unknown}
 k - a scroll of enchant armour {unknown}
 m - 10 scrolls of identify {unknown}
 q - a scroll of enchant weapon {unknown}
Potions
 e - a potion of haste {unknown}
 f - a potion of invisibility {unknown}
 g - a potion of brilliance {unknown}
 h - a potion of might {unknown}
 l - a potion of attraction {unknown}
 n - a potion of heal wounds {unknown}
 p - 2 potions of curing {unknown}


   Skills:
 + Level 1.5 Fighting
 + Level 1.5 Short Blades
 + Level 1.5 Long Blades
 + Level 1.5 Axes
 + Level 1.5 Maces & Flails
 + Level 1.5 Polearms
 + Level 1.5 Staves
 + Level 1.5 Slings
 + Level 1.5 Bows
 + Level 1.5 Crossbows
 + Level 1.5 Throwing
 + Level 1.5 Armour
 + Level 4.8 Dodging
 + Level 4.4 Stealth
 + Level 1.5 Shields
 + Level 1.5 Unarmed Combat
 + Level 5.2 Spellcasting
 + Level 1.2 Conjurations
 + Level 1.2 Hexes
 + Level 1.2 Summonings
 + Level 1.2 Necromancy
 + Level 1.2 Translocations
 + Level 1.2 Transmutations
 + Level 1.2 Fire Magic
 + Level 7.2 Ice Magic
 + Level 1.2 Air Magic
 + Level 1.2 Earth Magic
 + Level 1.2 Poison Magic
 + Level 1.7 Invocations
 + Level 1.5 Evocations


You had 6 spell levels left.
You knew the following spells:

 Your Spells              Type           Power        Failure   Level
a - Freeze                Ice            100%         1%          1
b - Frozen Ramparts       Ice            50%          2%          3
c - Summon Ice Beast      Ice/Summ       16%          28%         4

Your spell library contained the following spells:

 Spells                   Type           Power        Failure   Level
 Ozocubu's Armour         Ice            25%          2%          3
 Hailstorm                Conj/Ice       16%          28%         4


Dungeon Overview and Level Annotations

Branches:
Dungeon (5/15)            Ossuary (1/1)
 Temple: D:4-7

Altars:
Ru

Annotations:
D:3 Natasha, Terence


Innate Abilities, Weirdness & Mutations

Your experience applies equally to all skills.
You have very sharp teeth.
Your uncanny sense of smell can sniff out nearby items.


Message History

You hit the nameless horror.
The nameless horror is moderately damaged.
The orc zombie barely misses you. The kobold zombie closely misses you.
The nameless horror misses you.
You hit the nameless horror.
You bite the nameless horror, but do no damage.
The nameless horror is heavily damaged.
The kobold zombie hits you. The orc zombie hits you.
The nameless horror misses you. The kobold zombie barely misses you.
You hit the nameless horror but do no damage.
The nameless horror is heavily damaged.
The kobold zombie closely misses you. The orc zombie completely misses you.
The nameless horror hits you!
* * * LOW HITPOINT WARNING * * *
You feel your power leaking away. The kobold zombie closely misses you.
You completely miss the nameless horror.
The nameless horror is heavily damaged.
The kobold zombie barely misses you. The nameless horror hits you!
You die... ∆ #. #...# #. #...# #. #...# #. #...# #. #...# ....# #. #ZZ.# ....## #. #ZZZ#

.... #. #.@.# #..#
#. #.X.# #^^#∆∆ #.
#...# #.^#∆∆∆ #.
#...######.^######.
#..................
#........8..8......
#..................
#..................
###################


You could see a nameless horror, a hobgoblin zombie, 3 kobold zombies and an orc
zombie.

Vanquished Creatures
  Natasha (D:3)
  A worker ant (D:5)
  4 gnolls (D:3)
  3 adders
  A dart slug (D:2)
  2 leopard geckos
  A ball python (D:3)
  3 giant cockroaches
  3 goblins
  5 hobgoblins
  4 kobolds
  5 bats
  3 frilled lizards (D:1)
  3 hobgoblin zombies (Ossuary)
  3 kobold zombies (Ossuary)
  4 orc zombies (Ossuary)
  2 rats (D:2)
48 creatures vanquished.

Vanquished Creatures (collateral kills)
  2 kobold zombies (Ossuary)
  3 orc zombies (Ossuary)
5 creatures vanquished.

Grand Total: 53 creatures vanquished

Notes
Turn   | Place    | Note
-------+----------+-------------------------------------------
     0 | D:1      | gruber the Gnoll Ice Elementalist began the quest for the
                  | Orb.
     0 | D:1      | Reached XP level 1. HP: 13/13 MP: 6/6
   323 | D:1      | Reached XP level 2. HP: 19/19 MP: 4/7
  1090 | D:2      | Reached skill level 5 in Spellcasting
  1090 | D:2      | Reached XP level 3. HP: 16/25 MP: 5/9
  1094 | D:2      | Learned a level 3 spell: Frozen Ramparts
  1409 | D:2      | Noticed Sigmund
  1723 | D:2      | Reached skill level 1 in Invocations
  1887 | D:3      | Noticed Natasha
  1890 | D:3      | Killed Natasha
  1891 | D:3      | Reached skill level 1 in Fighting
  1891 | D:3      | Reached skill level 1 in Short Blades
  1891 | D:3      | Reached skill level 1 in Long Blades
  1891 | D:3      | Reached skill level 1 in Axes
  1891 | D:3      | Reached skill level 1 in Maces & Flails
  1891 | D:3      | Reached skill level 1 in Polearms
  1891 | D:3      | Reached skill level 1 in Staves
  1891 | D:3      | Reached skill level 1 in Slings
  1891 | D:3      | Reached skill level 1 in Bows
  1891 | D:3      | Reached skill level 1 in Crossbows
  1891 | D:3      | Reached skill level 1 in Throwing
  1891 | D:3      | Reached skill level 1 in Armour
  1891 | D:3      | Reached skill level 1 in Shields
  1891 | D:3      | Reached skill level 1 in Unarmed Combat
  1891 | D:3      | Reached skill level 1 in Evocations
  1891 | D:3      | Reached XP level 4. HP: 23/32 MP: 4/11
  2076 | D:3      | Reached skill level 1 in Conjurations
  2076 | D:3      | Reached skill level 1 in Hexes
  2076 | D:3      | Reached skill level 1 in Summonings
  2076 | D:3      | Reached skill level 1 in Necromancy
  2076 | D:3      | Reached skill level 1 in Translocations
  2076 | D:3      | Reached skill level 1 in Transmutations
  2076 | D:3      | Reached skill level 1 in Fire Magic
  2076 | D:3      | Reached skill level 1 in Air Magic
  2076 | D:3      | Reached skill level 1 in Earth Magic
  2076 | D:3      | Reached skill level 1 in Poison Magic
  2146 | D:3      | Noticed Natasha
  2318 | D:3      | Noticed Terence
  2319 | D:3      | You fall into a shaft and drop 2 floors!
  2319 | D:5      | Entered Level 5 of the Dungeon
  2319 | D:5      | Found a sacrificial altar of Ru.
  2339 | D:5      | Reached XP level 5. HP: 35/37 MP: 8/12
  2512 | D:5      | Found a sand-covered staircase.
  2523 | Ossuary  | Entered an ossuary
  2553 | Ossuary  | Learned a level 4 spell: Summon Ice Beast
  2858 | Ossuary  | Noticed a nameless horror
  2869 | Ossuary  | Mangled by a nameless horror

Illustrated notes

Levels and vault maps discovered:
D:1:      wander_arrival_desolate, layout_basic
D:2:      layout_basic, uniq_sigmund
D:3:      layout_rooms, portal_sewer_entry_d, uniq_natasha, uniq_terence,
          uniq_crazy_yiuf_cottage
D:5:      layout_basic, nicolae_ossuary_entry_plus, basic_altar,
          serial_bayou_pond_a, minmay_misc_feat_hallway
Ossuary:  ossuary_tomb_1

Skill      XL: |  1  2  3  4 |
---------------+-------------+-----
Spellcasting   | 5 |  5.2
Invocations    | 1 |  1.7
Fighting       | 1 |  1.5
Short Blades   | 1 |  1.5
Long Blades    | 1 |  1.5
Axes           | 1 |  1.5
Maces & Flails | 1 |  1.5
Polearms       | 1 |  1.5
Staves         | 1 |  1.5
Slings         | 1 |  1.5
Bows           | 1 |  1.5
Crossbows      | 1 |  1.5
Throwing       | 1 |  1.5
Armour         | 1 |  1.5
Shields        | 1 |  1.5
Unarmed Combat | 1 |  1.5
Evocations     | 1 |  1.5
Conjurations   | 1 |  1.2
Hexes          | 1 |  1.2
Summonings     | 1 |  1.2
Necromancy     | 1 |  1.2
Translocations | 1 |  1.2
Transmutations | 1 |  1.2
Fire Magic     | 1 |  1.2
Air Magic      | 1 |  1.2
Earth Magic    | 1 |  1.2
Poison Magic   | 1 |  1.2
Dodging        | |  4.8
Stealth        | |  4.4
Ice Magic      | |  7.2

Action                   |  1- 3 |  4- 6 || total
-------------------------+-------+-------++-------
Melee: Unarmed           |     3 |       ||     3
       Short sword       |    68 |    59 ||   127
       Bite              |     2 |     6 ||     8
 Cast: Freeze            |    14 |     1 ||    15
       Frozen Ramparts   |     1 |     7 ||     8
       Summon Ice Beast  |       |     2 ||     2
 Stab: Sleeping          |     8 |     1 ||     9
Armor: Robe              |    13 |    10 ||    23
Dodge: Dodged            |    49 |    61 ||   110

Table legend: (Time is in decaauts)
 A = Elapsed time spent in this place.
 B = Non-inter-level travel time spent in this place.
 C = Inter-level travel time spent in this place.
 D = Time resting spent in this place.
 E = Time spent auto-exploring this place.
 F = Levels seen in this place.
 G = Mean time per level.
                   A        B        C        D        E       F      G
               +--------+--------+--------+--------+--------+-----+--------+
         Total |   2874 |   2829 |     45 |    118 |   2213 |   5 |  574.8 |
       Dungeon |   2526 |   2481 |     45 |    118 |   1971 |   4 |  631.5 |
       Ossuary |    347 |    347 |      0 |      0 |    242 |   1 |  347.0 |
               +--------+--------+--------+--------+--------+-----+--------+

Top non-repeatable levels by time:
     D:1: 1084 daAuts
     D:2: 778 daAuts
     D:3: 460 daAuts
 Ossuary: 347 daAuts
     D:5: 203 daAuts
